 Dungeon Crawl Stone Soup version 0.17.0-22-g5edae84 (console) character file.

5660 Kloppie the Slicer (level 10, -5/80 HPs)
             Began as a Demonspawn Fighter on Nov 13, 2015.
             Was a Believer of Ashenzari.
             Slain by a hill giant
             ... wielding a +0 giant club
              (27 damage)
             ... on level 10 of the Dungeon.
             The game lasted 00:26:33 (11761 turns).

Kloppie the Slicer (Demonspawn Fighter)            Turns: 11761, Time: 00:26:33

Health: -5/80      AC: 12    Str: 19    XL:     10   Next: 47%
Magic:  10/10      EV:  7    Int:  9    God:    Ashenzari [**....]
Gold:   233        SH: 10    Dex: 14    Spells: 1 memorised, 8 levels left

rFire  . . .     SeeInvis .     G - +1 rapier (freeze) (curse)
rCold  + . .     Clarity  .     k - +1 scale mail {rPois} (curse)
rNeg   . . .     SustAt   +     c - +0 shield
rPois  +         Gourm    .     (helmet restricted)
rElec  .         Spirit   .     n - +1 cloak (curse)
rCorr  .         Warding  .     (no gloves)
rMut   .         Stasis   .     (no boots)
MR     .....                    (no amulet)
Stlth  +++.......               E - ring of sustain attributes
                                o - ring of protection from cold

@: not resistant to hostile enchantments, fairly stealthy
A: antennae 1, thin metallic scales 1, nightstalker 1, spiny 1
a: Scrying, Renounce Religion


You were on level 10 of the Dungeon.
You worshipped Ashenzari.
Ashenzari was pleased with you.
You were not hungry.

You visited 2 branches of the dungeon, and saw 11 of its levels.
You also visited: Sewer and Ossuary.

You collected 361 gold pieces.
You spent 128 gold pieces at shops.

Inventory:

Hand Weapons
 a - a +0 rapier
 G - a cursed +1 rapier of freezing (weapon)
Missiles
 i - 4 needles of slowing
 u - 49 poisoned needles
Armour
 c - a +0 shield (worn)
 k - a cursed +1 scale mail of poison resistance (worn)
 n - a cursed +1 cloak (worn)
 w - a +3 leather armour of cold resistance
Jewellery
 o - a ring of protection from cold (left hand)
 E - a ring of sustain attributes (right hand)
Wands
 q - a wand of disintegration (4)
 r - a wand of digging (17)
 v - a wand of confusion (11)
Scrolls
 d - 3 scrolls of fog
 g - 6 scrolls of remove curse
 j - 7 scrolls of identify
 l - a scroll of blinking
 m - 3 scrolls of recharging
 p - 3 scrolls of teleportation
 z - a scroll of curse armour
 A - a scroll of curse weapon
 H - 2 scrolls of enchant armour
Potions
 b - a potion of agility
 h - 5 potions of curing
 t - a potion of flight
 x - a potion of heal wounds
 C - 2 potions of might
 D - 2 potions of magic
 F - a potion of haste
Books
 y - a book of Spatial Translocations

   Spells                             Type                      Level
   a - Apportation                    Translocation                1
   b - Blink                          Translocation                2
   c - Shroud of Golubria             Charms/Translocation         2
   d - Portal Projectile              Translocation                3
   e - Teleport Other                 Translocation                3
   f - Passage of Golubria            Translocation                4
 I - a book of Battle

   Spells                             Type                      Level
   a - Infusion                       Charms                       1
   b - Shroud of Golubria             Charms/Translocation         2
   c - Song of Slaying                Charms                       2
   d - Spectral Weapon                Hexes/Charms                 3
   e - Regeneration                   Charms/Necromancy            3
Comestibles
 e - 9 bread rations
 f - 9 beef jerkies
 s - 4 fruits
 B - a meat ration
 K - a slice of pizza
 L - 9 royal jellies


   Skills:
 - Level 8.2 Fighting
 - Level 8.9(11.1) Short Blades
 - Level 4.6 Armour
 + Level 7.6 Stealth
 + Level 5.1 Shields


You had 8 spell levels left.
You knew the following spells:

 Your Spells              Type           Power        Failure   Level  Hunger
a - Apportation           Tloc           #.........   100%        1    ##.....


Dungeon Overview and Level Annotations

Branches:
Dungeon (10/15)            Temple (1/1) D:4
   Lair: D:8-11         Orc: D:9-12

Altars:
Ashenzari
Fedhas
Kikubaaqudgha
Makhleb
Nemelex Xobeh
Ru
Sif Muna
Vehumet
Xom
Yredelemnul
Zin
The Shining One

Shops:
D:6 %**}   D:7 *


Innate Abilities, Weirdness & Mutations

You have a pair of small antennae on your head.
You are partially covered in thin metallic scales (AC +2).
You are slightly more attuned to the shadows.
You are partially covered in sharp spines.


Message History

You hit the hill giant but do no damage.
The hill giant is heavily wounded.
The hill giant hits you with a giant club!!
* * * LOW HITPOINT WARNING * * *
You are too injured to fight recklessly!
You are too injured to fight recklessly!
You are too injured to fight recklessly!
Your shield and scale mail prevent you from hitting the hill giant.
The hill giant is heavily wounded.
You hit the hill giant. You freeze the hill giant.
The hill giant is heavily wounded.
The hill giant is struck by your spines.
The hill giant hits you with a giant club!
* * * LOW HITPOINT WARNING * * *
You hit the hill giant. You freeze the hill giant.
The hill giant is severely wounded.
You puncture the hill giant! You freeze the hill giant.
The hill giant is almost dead.
The hill giant hits you with a giant club!!
You die...

, , , * * * , *
* * * , * *
##+######### *
#..........# ,,
####..........#
*
#C@'..........#
,
#..##..†<......#
,,, #...#
#..........#
+..##
#..........# ##*
#..........# ,
,, ,
#..........# *
#..........#
#..........#
############


You could see a hill giant.

Vanquished Creatures
  Prince Ribbit (D:6)
  A deep elf mage (D:6)
  4 yaks
  A hungry ghost (D:7)
  A hippogriff (D:6)
  A soldier ant (D:9)
  A water moccasin (D:8)
  A wasp (D:9)
  A spider (D:9)
  A necrophage (D:8)
  2 orc warriors (D:7)
  2 ice beasts
  2 black bears
  2 sky beasts (D:7)
  3 ogres
  6 centaurs
  A gnoll sergeant (D:9)
  3 giant frogs
  A big kobold (D:7)
  Dowan (D:6)
  A wyvern skeleton (D:6)
  A water moccasin zombie (Ossuary)
  A scorpion (D:9)
  5 wights (D:8)
  A quasit (D:8)
  3 bog bodies (Ossuary)
  2 giant frog zombies (Ossuary)
  2 crimson imps
  2 orc priests
  8 hounds
  3 centaur zombies (Ossuary)
  11 worker ants
  2 centaur skeletons (D:9)
  A jelly (D:9)
  Jessica (D:3)
  An iguana (D:6)
  4 orc wizards
  2 killer bee zombies
  4 hound zombies
  A hound skeleton (D:5)
  5 mummies (Ossuary)
  2 worker ant zombies
  4 gnolls (D:9)
  13 adders
  2 oozes
  An adder skeleton (D:4)
  4 adder zombies
  6 worms
  8 giant geckos
  26 orcs
  4 ball pythons
  4 bats
  10 giant cockroaches
  10 goblins
  9 hobgoblins
  7 quokkas
  A ball python skeleton (D:4)
  2 giant cockroach zombies (Ossuary)
  2 giant gecko zombies (Ossuary)
  7 giant newts
  16 jackals
  2 jackal skeletons
  2 jackal zombies
  17 kobolds
  3 quokka skeletons
  A quokka zombie (Ossuary)
  7 rats
267 creatures vanquished.

Vanquished Creatures (others)
  Duvessa (D:6)
1 creature vanquished.

Grand Total: 268 creatures vanquished

Notes
Turn   | Place    | Note
--------------------------------------------------------------
     0 | D:1      | Kloppie the Demonspawn Fighter began the quest for the Orb.
     0 | D:1      | Reached XP level 1. HP: 18/18 MP: 1/1
   295 | D:1      | Gained mutation: You are partially covered in thin metallic scales (AC +2). [demonic ancestry]
   295 | D:1      | Reached XP level 2. HP: 10/24 MP: 2/2
  1136 | D:2      | Reached XP level 3. HP: 7/29 MP: 3/3
  1973 | D:2      | Found a radiant altar of Vehumet.
  1977 | D:2      | Found a burning altar of Makhleb.
  2221 | D:2      | Reached XP level 4. HP: 37/37 MP: 4/4
  2450 | D:3      | Noticed Jessica
  2462 | D:3      | Killed Jessica
  2462 | D:3      | Reached skill level 4 in Fighting
  2842 | D:3      | Found a sparkling altar of Nemelex Xobeh.
  3233 | D:4      | Reached XP level 5. HP: 38/42 MP: 5/5
  3250 | D:4      | Found a staircase to the Ecumenical Temple.
  3272 | Temple   | Entered the Ecumenical Temple
  3276 | Temple   | Became a worshipper of Ashenzari the Shackled
  3385 | D:4      | Found a glowing drain.
  3414 | Sewer    | Entered a sewer
  4333 | D:4      | Gained mutation: You have a pair of small antennae on your head. [demonic ancestry]
  4333 | D:4      | Reached XP level 6. HP: 42/49 MP: 6/6
  4936 | D:4      | Found a blossoming altar of Fedhas.
  4982 | D:5      | Entered Level 5 of the Dungeon
  5154 | D:5      | Reached skill level 5 in Fighting
  5549 | D:5      | Gained mutation: You are slightly more attuned to the shadows. [demonic ancestry]
  5549 | D:5      | Reached XP level 7. HP: 26/56 MP: 7/7
  5782 | D:6      | Noticed a deep elf mage
  5783 | D:6      | Found Hemoxep's Assorted Antiques.
  5819 | D:6      | Killed a deep elf mage
  5819 | D:6      | Reached skill level 6 in Fighting
  5819 | D:6      | Reached skill level 5 in Short Blades
  5838 | D:6      | Found Fiesaoca's Food Boutique.
  5843 | D:6      | Bought a golden potion for 28 gold pieces
  5843 | D:6      | Bought a runed leather armour for 64 gold pieces
  6209 | D:6      | Noticed Duvessa
  6209 | D:6      | Noticed Dowan
  6240 | D:6      | Killed Duvessa
  6534 | D:6      | Killed Dowan
  6534 | D:6      | Reached XP level 8. HP: 27/65 MP: 8/8
  6769 | D:6      | Found a sparkling altar of Nemelex Xobeh.
  6769 | D:6      | Found Qytepif's Assorted Antiques.
  6801 | D:6      | Reached skill level 7 in Fighting
  7059 | D:6      | Reached * piety under Ashenzari
  7059 | D:6      | Noticed Prince Ribbit
  7063 | D:6      | Killed Prince Ribbit
  7307 | D:6      | Found Zuhar's Gadget Shop.
  7388 | D:6      | Found a sacrificial altar of Ru.
  7389 | D:6      | Found a deep blue altar of Sif Muna.
  7393 | D:6      | Found a basalt altar of Yredelemnul.
  7499 | D:6      | Reached skill level 8 in Fighting
  7735 | D:7      | Reached skill level 1 in Stealth
  7905 | D:7      | Gained mutation: You are partially covered in sharp spines. [demonic ancestry]
  7905 | D:7      | Reached XP level 9. HP: 74/74 MP: 9/9
  7916 | D:7      | Found Tukofela's Assorted Antiques.
  7956 | D:7      | Bought a glowing leather armour for 36 gold pieces
  8792 | D:7      | Found a glowing silver altar of Zin.
  9161 | D:8      | Found a sparkling altar of Nemelex Xobeh.
  9185 | D:8      | Found a sand-covered staircase.
  9190 | Ossuary  | Entered an ossuary
  9301 | Ossuary  | Reached ** piety under Ashenzari
  9329 | Ossuary  | Reached skill level 5 in Stealth
  9759 | D:8      | Reached XP level 10. HP: 75/80 MP: 10/10
 11159 | D:9      | Learned a level 1 spell: Apportation
 11595 | D:10     | Entered Level 10 of the Dungeon
 11616 | D:9      | Reached skill level 5 in Shields
 11744 | D:10     | Noticed a hill giant
 11761 | D:10     | Slain by a hill giant

Action                   |  1- 3 |  4- 6 |  7- 9 | 10-12 || total
-------------------------+-------+-------+-------+-------++-------
Melee: Rapier            |   237 |   552 |   678 |   195 ||  1662
Evoke: Wand              |       |       |     8 |       ||     8
  Use: Potion            |     1 |       |     8 |       ||     9
       Scroll            |       |    15 |     2 |     7 ||    24
 Stab: Sleeping          |       |       |     2 |    11 ||    13
       Distracted        |       |       |     2 |     1 ||     3
  Eat: Chunk             |     5 |    12 |    11 |     6 ||    34
       Meat ration       |       |       |     1 |       ||     1
       Fruit             |       |       |     1 |       ||     1
